 Dungeon Crawl Stone Soup version 0.13-a0-2940-gab44624 (webtiles) character file.

15625 waldfee the Protected (level 11, -12/92 HPs)
             Began as a Minotaur Berserker on Sept 3, 2013.
             Was a High Priest of Trog.
             Shot with an arrow of flame by a centaur warrior (15 damage)
             ... on Level 13 of the Dungeon on Sept 4, 2013.
             The game lasted 01:41:47 (13669 turns).

waldfee the Protected (Minotaur Berserker)         Turns: 13669, Time: 01:41:47

HP -12/92        AC 21     Str 24      XL: 11   Next: 94%
MP   8/8         EV  8     Int  4      God: Trog [*****.]
Gold 727         SH  0     Dex 15      Spells:  0 memorised, 10 levels left

Res.Fire  : x . .   See Invis. : .   t - +1,+0 orc flail (protect)
Res.Cold  : + . .   Warding    : .   b - +0 plate armour
Life Prot.: . . .   Conserve   : .   (no shield)
Res.Poison: .       Res.Corr.  : .   (helmet restricted)
Res.Elec. : .       Clarity    : .   (no cloak)
Sust.Abil.: . .     Spirit.Shd : .   A - +0 pair of gauntlets (curse)
Res.Mut.  : .       Stasis     : .   (no boots)
Res.Rott. : .       Flight     : .   (no amulet)
Saprovore : . . .                    C - cursed +4 ring of dexterity
                                     q - ring of ice

@: regenerating, exhausted, slowed, very slow, very resistant to hostile
enchantments, extremely unstealthy
A: retaliatory headbutt, horns 2
a: Burn Spellbooks, Berserk, Trog's Hand, Brothers in Arms, Renounce Religion


You were on level 13 of the Dungeon.
You worshipped Trog.
Trog was extremely pleased with you.
You were near starving.

You visited 3 branches of the dungeon, and saw 15 of its levels.

You collected 707 gold pieces.

Inventory:

Hand weapons
 r - a +2,+0 dagger of draining
 t - a +1,+0 orcish flail of protection (weapon)
 w - a +1,+0 dagger of protection
 y - a cursed +3,+3 flail
 B - a +0,+0 quarterstaff of freezing
 D - a +2,+0 dagger
 J - a cursed +2,+2 dagger of venom
 K - a +0,+5 quarterstaff of protection
 O - a +0,+0 great mace of protection
 Q - a +0,+1 spear of piercing
 W - a +2,+2 flail of holy wrath
 X - a +1,+2 orcish flail of protection
Missiles
 N - 2 javelins of returning (quivered)
Armour
 b - a +0 plate armour (worn)
 i - a +0 ring mail
 n - a -1 pair of gloves
 p - the +2 ring mail "Lunnua" {Dam+6 Curse, unknown}
   (You found it on level 12 of the Dungeon)

   It affects your damage-dealing abilities (+6).
   It may recurse itself.
 A - a cursed +0 pair of gauntlets (worn)
 E - a +0 pair of gauntlets
Magical devices
 e - a wand of slowing (5)
 j - a wand of enslavement (9) {unknown}
 o - a wand of flame (10) {unknown}
 u - a wand of lightning (7) {unknown}
 F - a wand of confusion (11)
 G - a wand of polymorph (12)
 L - a wand of polymorph (7)
 U - a wand of teleportation (6)
 Y - a wand of disintegration (5)
Comestibles
 I - a bread ration
Scrolls
 g - 9 scrolls of teleportation
 k - 9 scrolls of remove curse
 v - a scroll of recharging
 x - a scroll of enchant weapon II
 R - 2 scrolls of blinking
Jewellery
 q - a ring of ice (left hand)
 s - an uncursed ring of ice
 C - a cursed +4 ring of dexterity (right hand)
 T - an uncursed ring of ice
Potions
 c - a potion of curing
 V - a potion of restore abilities


   Skills:
 + Level 8.7 Fighting
 + Level 10.9 Maces & Flails
 + Level 7.8 Throwing
 + Level 11.7 Armour
 + Level 10.6 Dodging
 + Level 1.8 Stealth
 + Level 2.8 Evocations


You had 10 spell levels left.
You didn't know any spells.

Dungeon Overview and Level Annotations

Branches:
Dungeon (13/27)            Temple (1/1) D:4             Orc (1/4) D:7
   Lair: D:8-13

Altars:
Ashenzari
Cheibriados
Elyvilon
Fedhas
Kikubaaqudgha
Makhleb
Nemelex Xobeh
Okawaru
Sif Muna
Trog
Vehumet
Xom
Yredelemnul
Zin
the Shining One

Shops:
D:5 *


Innate Abilities, Weirdness & Mutations

You reflexively headbutt those who attack you in melee.
You have a pair of horns on your head.


Message History

The arrow of flame hits you! The fire burns you terribly!
* * * LOW HITPOINT WARNING * * *
You see here an arrow.
The centaur warrior shoots an arrow of flame.
The arrow of flame hits you!
* * * LOW HITPOINT WARNING * * *
The centaur warrior shoots an arrow of flame.
The arrow of flame hits you! The fire burns you terribly!
One of your 2 scrolls of recharging catches fire!
One of your 3 scrolls of blinking catches fire!
* * * LOW HITPOINT WARNING * * *
The crocodile bites you.
* * * LOW HITPOINT WARNING * * *
You see here 2 arrows.
The centaur shoots an arrow.
The arrow hits you!
* * * LOW HITPOINT WARNING * * *
The centaur warrior shoots an arrow of flame.
The arrow of flame hits you! The fire burns you terribly!
One of your 10 scrolls of teleportation catches fire!
You die...

.......##......#
....#(##(#....#
......(((.(.(.####
....$.....(....#.###### ###
.....#...#.#(.#....#..## ##.#.
....##....#...#.........##...
......#....#cct....#.....#...
.......##.###..(.(##.##.##..#
......#..##....@...........##
...................#......####
.....##...#...#..#.......#..
.........................
........................
.....................<...
.....................%.%..
...........................
...........)...............#


You could see a centaur warrior, a crocodile and a centaur.

Vanquished Creatures
  Fannar (D:11)
  Nergalle (D:11)
  An unseen horror (D:12)
  A hill giant (D:11)
  Joseph (D:12)
  A cyclops (D:11)
  An eye of devastation (D:13)
  Grinder (D:6)
  A two-headed ogre (D:10)
  A troll (D:9)
  A trapdoor spider (D:10)
  An ugly thing (D:13)
  2 wyverns
  5 hungry ghosts
  A hill giant zombie (D:7)
  A hippogriff (D:7)
  A hill giant skeleton (D:9)
  Grum (D:12)
  2 wolves (D:12)
  3 yaks (D:10)
  2 manticores (D:12)
  2 necrophages
  7 ice beasts
  7 ogres
  9 orc warriors
  2 phantoms
  4 wargs (D:12)
  Duvessa (D:6)
  6 centaurs
  A water moccasin (D:10)
  Blork the orc (D:6)
  10 giant frogs
  2 big kobolds
  A gnoll sergeant (D:12)
  A troll zombie (D:7)
  10 killer bees (D:12)
  4 wights (D:10)
  7 goliath beetles
  A yak skeleton (D:13)
  A centaur zombie (D:6)
  7 crimson imps
  Dowan (D:6)
  2 scorpions
  2 giant frog skeletons
  3 hounds
  3 jellies
  7 iguanas
  7 orc priests
  11 orc wizards
  9 worker ants
  A big kobold zombie (D:10)
  An orange rat (D:6)
  A mottled dragon zombie (D:12)
  7 ogre zombies
  2 mummies
  15 gnolls
  15 adders
  A giant centipede (D:10)
  3 worms
  An iguana skeleton (D:7)
  13 giant geckos
  58 orcs
  6 giant cockroaches
  13 hobgoblins
  7 quokkas
  2 ball pythons
  16 bats
  A giant gecko zombie (D:8)
  A giant newt (D:4)
  4 giant spores
  12 goblins
  A goblin skeleton (D:7)
  A goblin zombie (D:7)
  4 hobgoblin skeletons
  A hobgoblin zombie (D:7)
  11 jackals
  A jackal skeleton (D:6)
  23 kobolds
  13 orc zombies (D:7)
  15 rats
  4 spectral orcs (D:11)
  10 ballistomycetes
423 creatures vanquished.

Vanquished Creatures (collateral kills)
  An unseen horror (D:13)
  3 ugly things (D:13)
  A hungry ghost (D:13)
  2 orc warriors
  An orc wizard (D:7)
  2 orcs (D:11)
  A goblin zombie (D:7)
  A hobgoblin skeleton (D:7)
  3 orc zombies (D:7)
15 creatures vanquished.

Vanquished Creatures (others)
  An ogre (D:11)
  An orc (D:5)
  2 giant spores
4 creatures vanquished.

Grand Total: 442 creatures vanquished

Notes
Turn   | Place    | Note
--------------------------------------------------------------
     0 | D:1      | waldfee, the Minotaur Berserker, began the quest for the Orb.
     0 | D:1      | Reached XP level 1. HP: 19/19 MP: 0/0
   264 | D:1      | Reached skill level 4 in Maces & Flails
   264 | D:1      | Reached XP level 2. HP: 26/26 MP: 0/0
   463 | D:1      | Acquired Trog's second power
   768 | D:2      | Reached XP level 3. HP: 33/33 MP: 1/1
   792 | D:2      | Found a snail-covered altar of Cheibriados.
  1054 | D:2      | Reached XP level 4. HP: 36/40 MP: 1/1
  1056 | D:2      | Reached skill level 1 in Throwing
  1634 | D:2      | Reached XP level 5. HP: 46/46 MP: 1/1
  2512 | D:4      | Acquired Trog's third power
  2688 | D:4      | Noticed a phantom
  2699 | D:4      | Killed a phantom
  2699 | D:4      | Reached skill level 5 in Armour
  2699 | D:4      | Reached skill level 1 in Stealth
  2699 | D:4      | Reached XP level 6. HP: 53/53 MP: 2/2
  3066 | D:4      | Found a staircase to the Ecumenical Temple.
  3260 | Temple   | Entered the Ecumenical Temple
  3401 | D:5      | Entered Level 5 of the Dungeon
  3438 | D:5      | Found Iffa's General Store.
  3456 | D:5      | Reached XP level 7. HP: 33/60 MP: 2/2
  3724 | D:5      | Reached skill level 5 in Maces & Flails
  3724 | D:5      | Reached skill level 1 in Evocations
  3756 | D:5      | Reached skill level 6 in Armour
  3994 | D:5      | Reached skill level 5 in Dodging
  4329 | D:6      | Reached XP level 8. HP: 58/67 MP: 4/4
  4332 | D:6      | Reached skill level 5 in Fighting
  4391 | D:6      | Noticed Duvessa
  4392 | D:6      | Noticed Dowan
  4411 | D:6      | Killed Duvessa
  4414 | D:6      | Killed Dowan
  4457 | D:6      | Noticed Grinder
  4467 | D:6      | Killed Grinder
  4664 | D:6      | Reached skill level 7 in Dodging
  5029 | D:6      | Noticed Blork the orc
  5044 | D:6      | Killed Blork the orc
  5044 | D:6      | Reached XP level 9. HP: 42/74 MP: 6/6
  6048 | D:7      | Lost intelligence.
  6151 | D:7      | Reached skill level 8 in Dodging
  6665 | D:7      | Reached skill level 9 in Dodging
  6707 | D:7      | Found a staircase to the Orcish Mines.
  6731 | Orc:1    | Entered Level 1 of the Orcish Mines
  7088 | D:8      | Reached XP level 10. HP: 83/83 MP: 7/7
  8041 | D:8      | Reached skill level 10 in Dodging
  8856 | D:9      | Reached skill level 5 in Throwing
  8941 | D:9      | Found a sparkling altar of Nemelex Xobeh.
  8945 | D:9      | Found a basalt altar of Yredelemnul.
  8947 | D:9      | Found an iron altar of Okawaru.
  9176 | D:10     | Entered Level 10 of the Dungeon
  9709 | D:10     | Reached skill level 10 in Maces & Flails
 10323 | D:10     | HP: 3/84 [orc warrior/orcish hand axe (9)]
 10331 | D:10     | HP: 2/84 [orc warrior/orcish war axe (3)]
 10348 | D:10     | HP: 2/84 [orc warrior/orcish flail (4)]
 10412 | D:9      | Reached XP level 11. HP: 29/91 MP: 7/7
 10580 | D:9      | Reached skill level 10 in Armour
 11501 | D:11     | Upgraded the game from 0.13-a0-2926-g9203b68 to 0.13-a0-2940-gab44624
 11698 | D:11     | Noticed Fannar
 11718 | D:11     | Killed Fannar
 11883 | D:11     | Noticed Nergalle
 11901 | D:11     | Killed Nergalle
 12032 | D:11     | Noticed a hill giant
 12037 | D:11     | Killed a hill giant
 12464 | D:12     | Got a transparent ring mail
 12524 | D:12     | Killed an unseen horror
 12524 | D:12     | Reached skill level 11 in Armour
 12783 | D:12     | Noticed Grum
 12786 | D:12     | Killed Grum
 12828 | D:12     | Received a gift from Trog
 13033 | D:12     | Noticed Joseph
 13043 | D:12     | Killed Joseph
 13221 | D:13     | Noticed a centaur warrior
 13491 | D:13     | Killed an unseen horror
 13668 | D:13     | HP: 2/92 [crocodile (5)]
 13669 | D:13     | Shot with an arrow of flame by a centaur warrior

Action                   |  1- 3 |  4- 6 |  7- 9 | 10-12 || total
-------------------------+-------+-------+-------+-------++-------
Melee: Mace              |    74 |   118 |     5 |       ||   197
       Flail             |       |       |   309 |   532 ||   841
Throw: Dagger            |    12 |    16 |    20 |    17 ||    65
       Spear             |     9 |    16 |    25 |    25 ||    75
       Stone             |       |     5 |    18 |    54 ||    77
       Javelin           |       |       |       |   126 ||   126
       Throwing net      |       |       |       |     2 ||     2
Invok: Trog's Hand       |       |     5 |    12 |    13 ||    30
       Berserk           |       |     1 |    12 |    10 ||    23
       Brothers in Arms  |       |       |     2 |     2 ||     4
       Burn Spellbooks   |       |       |       |     1 ||     1
Evoke: Wand              |       |     4 |    10 |    10 ||    24
  Use: Scroll            |     5 |     7 |     7 |    11 ||    30
       Potion            |     1 |     6 |     7 |    14 ||    28
